[Event "*** Titled Tuesday Blitz"]
[Site "Chess.com"]
[Date "2020.05.05"]
[Round "4"]
[White "CHENNAIBOND"]
[Black "AndrewDGreen"]
[Result "0-1"]
[WhiteElo "1215"]
[BlackElo "2275"]
[TimeControl "180+1"]
[EndTime "10:39:29 PDT"]
[Termination "AndrewDGreen won by resignation"]

1. e4 c5 2. Nf3 g6 3. d4 cxd4 4. Nxd4 Nc6 5. c4 Nf6 6. Nc3 Nxd4 7. Qxd4 d6 8. Be2 Bg7 9. Be3 O-O 10. Qd2 a5 11. a4 Be6 12. O-O Nd7 13. f4 Nc5 14. f5 Nb3 15. Qd1 Nxa1 16. fxe6 fxe6 17.
Bg4 Rxf1+ 18. Kxf1 Qc8 19. Qxa1 Qxc4+ 20. Be2 Qb4 21.
Qa2 d5 22. exd5 Bxc3 23. bxc3 Qxc3 24. Bd2 Qd4 25. Bf3 Rc8 26. dxe6 Qd3+ 27. Kf2 Rc2 0-1

[Event "*** Titled Tuesday Blitz"]
[Site "Chess.com"]
[Date "2020.05.05"]
[Round "4"]
[White "ChessWarrior7197"]
[Black "GMartin_Petrov"]
[Result "1-0"]
[WhiteElo "2857"]
[BlackElo "2612"]
[TimeControl "180+1"]
[EndTime "10:39:30 PDT"]
[Termination "ChessWarrior7197 won by resignation"]

1. e4 c5 2. Nf3 d6 3. d4 cxd4 4.
Qxd4 Nf6 5. Be2 g6 6. O-O Nc6 7. Qe3 Bg7 8. h3 O-O 9. c4 Bd7 10. Nc3 Rc8 11. Rb1 Qa5 12. a3 Qc5 13. b4 Qxe3 14.
Bxe3 a6 15. Rfd1 Be6 16. Rbc1 Nd7 17. Nd5 Rfe8 18. Ng5 Bb2 19. Rb1 Bg7 20. f4 h6 21.
Nxe6 fxe6 22. Nb6 Nxb6 23. Bxb6 Rf8 24. Bg4 Nd8 25. Bxd8 Rcxd8 26. Bxe6+ Kh7 27. g3 Rf6 28. Bd5 Rd7 29. c5 e5 30. fxe5 Rf3 31. Kg2 Rxa3 32.
exd6 Be5 33. Rb3 Ra2+ 34. Kg1 Rc2 35. Be6 Rd8 36. d7 a5 37. Rf3 axb4 38. Rdf1 Rd2 39. Rf8 R8xd7 40. Bxd7 Rxd7 41. R1f7+ Rxf7 42. Rxf7+ Kg8 43. Rxb7 Bd4+ 44. Kg2 Bxc5 45. e5 Kf8 46. Kf3 Ke8 47. Ke4 Kd8 48. Kd5 Bf8 49. Rb8+ Ke7 50. Rxb4 1-0

[Event "*** Titled Tuesday Blitz"]
[Site "Chess.com"]
[Date "2020.05.05"]
[Round "4"]
[White "Kostya26"]
[Black "cstevens1"]
[Result "1-0"]
[WhiteElo "2443"]
[BlackElo "2618"]
[TimeControl "180+1"]
[EndTime "10:39:30 PDT"]
[Termination "Kostya26 won by resignation"]

1. d4 Nf6 2. Nf3 d5 3. Bf4 c5 4. e3 Nc6 5. c3 Qb6 6. Qb3 c4 7.
Qc2 Bf5 8. Qc1 Rc8 9. Nbd2 h6 10. h3 e6 11. Be2 Be7 12. O-O O-O 13. Ne5 Qd8 14.
g4 Bh7 15. Bg3 b5 16. a3 a5 17. f4 Nxe5 18. fxe5 Ne4 19. Nxe4 Bxe4 20. Qd2 b4 21. axb4 axb4 22. Ra7 Rb8 23. Rfa1 bxc3 24. bxc3 Bh4 25. Kh2 Bxg3+ 26. Kxg3 f6 27. Rf1 fxe5 28. Rxf8+ Qxf8 29. dxe5 Rb1 30. Bd1 Qf1 31. Ba4 Qg2+ 32. Qxg2 Bxg2 33. Kxg2 Ra1 34. Ra8+ 1-0

[Event "*** Titled Tuesday Blitz"]
[Site "Chess.com"]
[Date "2020.05.05"]
[Round "4"]
[White "keepitcool9499"]
[Black "Batsai"]
[Result "1-0"]
[WhiteElo "2459"]
[BlackElo "2269"]
[TimeControl "180+1"]
[EndTime "10:39:30 PDT"]
[Termination "keepitcool9499 won by checkmate"]

1. d4 Nf6 2. c4 g6 3. Nc3 d5 4. Nf3 Bg7 5. e3 O-O 6. Bd3 c5 7. cxd5 Nxd5 8. O-O Nxc3 9. bxc3 Nc6 10. Ba3 b6 11.
dxc5 Bb7 12. Rb1 Bxc3 13. Qc2 Bg7 14. Rfd1 Qc7 15. Bb5 Rfd8 16. Rdc1 Rac8 17. Qa4 bxc5 18. Rxc5 Qb6 19. Rcc1 Ne5 20. Nxe5 Rxc1+ 21. Rxc1 Bxe5 22. Bxe7 Rc8 23. Rxc8+ Bxc8 24. Bd3 Qc7 25. Qe8+ Kg7 26. Qf8# 1-0

[Event "*** Titled Tuesday Blitz"]
[Site "Chess.com"]
[Date "2020.05.05"]
[Round "4"]
[White "johnathan113"]
[Black "Sanyura"]
[Result "1-0"]
[WhiteElo "2727"]
[BlackElo "2491"]
[TimeControl "180+1"]
[EndTime "10:39:31 PDT"]
[Termination "johnathan113 won by resignation"]

1. d4 Nf6 2. Nc3 d5 3. Bf4 c6 4.
Qd2 e6 5. f3 b5 6. g4 Bd6 7. e3 Bxf4 8. exf4 Qd6 9. h4 h5 10.
g5 Ng8 11. f5 exf5 12. O-O-O Be6 13. Kb1 Ne7 14. Nh3 Ng6 15. Ne2 Nxh4 16. Nhf4 Nxf3 17. Qe3 Nxg5 18. Nxh5 f4 19. Nexf4 Rg8 20. Rg1 Qe7 21. Re1 Ne4 22. Bd3 g6 23. Bxe4 dxe4 24. Qxe4 Kd7 25. Nxe6 fxe6 26. Nf4 Na6 27. Nxg6 Qd6 28. Ne5+ Kc7 29.
Qh7+ Kb6 30. Rxg8 Rxg8 31. Qxg8 Qb4 32. c3 Qd6 33. Nd3 b4 34. Qxe6 Qd8 35. Nxb4 Nxb4 36.
cxb4 Qh4 37. Qe3 1-0

[Event "*** Titled Tuesday Blitz"]
[Site "Chess.com"]
[Date "2020.05.05"]
[Round "4"]
[White "mfwagnerpeixoto"]
[Black "Sesleria"]
[Result "1-0"]
[WhiteElo "2201"]
[BlackElo "2059"]
[TimeControl "180+1"]
[EndTime "10:39:31 PDT"]
[Termination "mfwagnerpeixoto won by resignation"]

1. d4 Nf6 2. Nf3 d5 3. c3 Bf5 4. Qb3 Qc8 5. Bf4 e6 6. Nbd2 Be7 7. e3 O-O 8. Rc1 c5 9. dxc5 Bxc5 10. c4 Na6 11. cxd5 Nxd5 12. Bxa6 Nxf4 13. Bxb7 Nd3+ 14. Qxd3 Qxb7 15. e4 Rfd8 16. Qe2 Bb4 17. exf5 Rxd2 18. Nxd2 Qxg2 19. Rf1 Rd8 20. Rc4 Rxd2 21. Qxd2 Bxd2+ 22. Kxd2 Qd5+ 23. Kc3 h5 24. fxe6 Qxe6 25. Rc1 Qe4 1-0

[Event "*** Titled Tuesday Blitz"]
[Site "Chess.com"]
[Date "2020.05.05"]
[Round "4"]
[White "Pittiplatsh"]
[Black "nubair1198"]
[Result "1-0"]
[WhiteElo "2522"]
[BlackElo "2747"]
[TimeControl "180+1"]
[EndTime "10:39:32 PDT"]
[Termination "Pittiplatsh won by resignation"]

1. e4 g6 2. d4 Bg7 3. Nf3 c6 4.
h3 d6 5. Nc3 Nf6 6. Be3 O-O 7.
Qd2 Qa5 8. Bd3 e5 9. Bh6 exd4 10. Nxd4 Re8 11. Bxg7 Kxg7 12. O-O Nbd7 13. Rae1 Qh5 14. f4 Nc5 15. Qf2 Bd7 16. e5 Nd5 17. Nxd5 cxd5 18.
exd6 Nxd3 19. cxd3 b6 20. Re7 Rxe7 21. dxe7 Re8 22.
Re1 f6 23. Qe3 g5 24. fxg5 Qxg5 25. Ne6+ Bxe6 26. Qxe6 h5 27. d4 h4 28. Rf1 Qg6 29. Rf4 f5 30. Qe5+ Qf6 31. Rxf5 Qxe5 32. Rxe5 Kf6 33. g3 hxg3 34. Kg2 Kf7 35. h4 a5 36. a4 Rh8 37. e8=Q+ Rxe8 38. Rxe8 Kxe8 39. Kxg3 Kf7 40. Kf4 Ke6 41. Kg5 Kf7 42. h5 Ke6 43. Kg6 Ke7 44.
h6 Kf8 45. h7 1-0

[Event "*** Titled Tuesday Blitz"]
[Site "Chess.com"]
[Date "2020.05.05"]
[Round "4"]
[White "MaxLeto"]
[Black "CSB7"]
[Result "0-1"]
[WhiteElo "2329"]
[BlackElo "2543"]
[TimeControl "180+1"]
[EndTime "10:39:33 PDT"]
[Termination "CSB7 won on time"]

1. e4 c5 2. Nf3 e6 3. d4 cxd4 4. Nxd4 Nf6 5. Nc3 Nc6 6. Ndb5 Bc5 7. Nd6+ Ke7 8. Bf4 e5 9. Nxc8+ Rxc8 10. Bg5 Bb4 11. Qd2 Qa5 12. Be2 Nd4 13. O-O Bxc3 14. bxc3 Qxc3 15. Bd3 Qxd2 16. Bxd2 Nxc2 17. Rab1 b6 18.
Rfc1 Nd4 19. Bb4+ d6 20. f3 Nd7 21. Bc4 Nc5 22. Kf2 Rc7 23. Ke3 Rhc8 24. Bd5 Na4 25. Rxc7+ Rxc7 26. a3 Nc3 27. Rc1 Nxd5+ 0-1

[Event "*** Titled Tuesday Blitz"]
[Site "Chess.com"]
[Date "2020.05.05"]
[Round "4"]
[White "vlad_Sid"]
[Black "rpragchess"]
[Result "1/2-1/2"]
[WhiteElo "2619"]
[BlackElo "2848"]
[TimeControl "180+1"]
[EndTime "10:39:34 PDT"]
[Termination "Game drawn by repetition"]

1. c4 b6 2. g3 Bb7 3. Nf3 c5 4. Bg2 Nf6 5. O-O g6 6. Nc3 Bg7 7. b3 O-O 8. Bb2 e6 9. Qc2 Qe7 10. e3 d5 11. cxd5 exd5 12. d4 Na6 13. Rac1 Rac8 14.
Rfd1 Rfd8 15. Qb1 Nc7 16. dxc5 bxc5 17. Qa1 Ne6 18. a3 d4 19. exd4 Bxf3 20. Bxf3 Nxd4 21. Rd3 Nxb3 22. Nd5 Nxd5 23. Rxb3 c4 24. Bxd5 Bxb2 25. Bxf7+ Qxf7 26. Rxb2 Qf3 27. Rbc2 c3 28. Qa2+ Kg7 29.
Qe6 Rd1+ 30. Rxd1 Qxd1+ 31. Kg2 Qxc2 32. Qe7+ Kh8 33. Qf6+ Kg8 34. Qe6+ Kg7 35. Qe7+ Kg8 36. Qe6+ Kf8 37. Qf6+ Ke8 38. Qe6+ Kd8 39. Qd6+ Ke8 40. Qe6+ Kf8 41. Qf6+ Kg8 42. Qe6+ 1/2-1/2

[Event "*** Titled Tuesday Blitz"]
[Site "Chess.com"]
[Date "2020.05.05"]
[Round "4"]
[White "Undisputed92"]
[Black "BabyBoss31"]
[Result "1-0"]
[WhiteElo "2583"]
[BlackElo "2292"]
[TimeControl "180+1"]
[EndTime "10:39:34 PDT"]
[Termination "Undisputed92 won by resignation"]

1. e4 e6 2. d4 d5 3. Nc3 Nf6 4. Bg5 Bb4 5. e5 h6 6. Bh4 g5 7.
Bg3 Ne4 8. Ne2 c5 9. a3 Bxc3+ 10.
Nxc3 Nxc3 11. bxc3 Qa5 12. Qd2 Nc6 13. dxc5 Qxc5 14.
h4 Rg8 15. hxg5 hxg5 16. Rh5 Bd7 17. Rb1 O-O-O 18. a4 d4 19. cxd4 Nxd4 20. Bd3 Bxa4 21. Rb2 Kb8 22. Kf1 Nxc2 23. Rxc2 Qd5 24. Ke2 Bxc2 25. Qxc2 Rc8 26. Qb1 Rgd8 27. Rh1 Qxg2 28. Be4 1-0

[Event "*** Titled Tuesday Blitz"]
[Site "Chess.com"]
[Date "2020.05.05"]
[Round "4"]
[White "emperor87"]
[Black "Ladislav1969"]
[Result "0-1"]
[WhiteElo "2565"]
[BlackElo "2357"]
[TimeControl "180+1"]
[EndTime "10:39:34 PDT"]
[Termination "Ladislav1969 won by resignation"]

1. e4 c5 2. Nf3 e6 3. Nc3 Nc6 4. g3 g6 5. Bg2 Bg7 6. h4 h5 7. d3 d5 8. O-O d4 9. Ne2 e5 10. c3 Nh6 11. Nh2 Ng4 12. Nxg4 Bxg4 13. f3 Be6 14. f4 Qd7 15. cxd4 cxd4 16. Bd2 Bg4 17. Rf2 O-O 18. Qf1 Bh6 19. Rd1 exf4 20.
Bxf4 Bxf4 21. gxf4 Qe7 22. Rc1 Qxh4 23. e5 Rac8 24.
Bxc6 Rxc6 25. Rxc6 bxc6 26. Nxd4 Bh3 27. Qe2 Qg3+ 28.
Kh1 Bg4 29. Qf1 Rd8 30. Ne2 Qxd3 31. Nc3 Qg3 32. Rg2 Bf3 0-1

[Event "*** Titled Tuesday Blitz"]
[Site "Chess.com"]
[Date "2020.05.05"]
[Round "4"]
[White "ArnaudovP"]
[Black "ninullia"]
[Result "0-1"]
[WhiteElo "2586"]
[BlackElo "2441"]
[TimeControl "180+1"]
[EndTime "10:39:36 PDT"]
[Termination "ninullia won by checkmate"]

1. Nf3 d5 2. c4 d4 3. e3 Nc6 4. b4 dxe3 5. fxe3 Nxb4 6. d4 e5 7. a3 Nc6 8. d5 Nb8 9. e4 Nf6 10.
Nc3 Bc5 11. Bd3 O-O 12. Na4 Be7 13. O-O Nbd7 14. Kh1 Re8 15. Be3 b6 16. Qc2 Bd6 17. c5 bxc5 18. Nxc5 Nf8 19. Rac1 Ng6 20. a4 Rb8 21. Na6 Bxa6 22. Bxa6 Rb4 23. Nd2 Ng4 24.
Bg1 Nf4 25. Bb5 Rf8 26. Nf3 f5 27. exf5 e4 28. Nd4 Rxd4 29. Bxd4 Nxh2 30. Kxh2 Ne2+ 31.
Kh3 Qg5 32. g4 Qh6+ 33. Kg2 Qh2# 0-1

[Event "*** Titled Tuesday Blitz"]
[Site "Chess.com"]
[Date "2020.05.05"]
[Round "4"]
[White "GoValya"]
[Black "Jadeit90"]
[Result "1-0"]
[WhiteElo "2179"]
[BlackElo "2381"]
[TimeControl "180+1"]
[EndTime "10:39:36 PDT"]
[Termination "GoValya won by resignation"]

1. d4 g6 2. Nf3 Bg7 3. g3 c5 4. d5 d6 5. Bg2 Nf6 6. O-O O-O 7.
c4 e6 8. dxe6 Bxe6 9. Ng5 Bc8 10. Nc3 Nc6 11. Bf4 Qa5 12. Nb5 h6 13. Nf3 Ne4 14. Nd2 Nxd2 15. Bxd2 Qb6 16. Nxd6 Qxb2 17. Rb1 Qxa2 18. Bd5 Ne7 19. Bxb7 Bxb7 20. Rxb7 Nc6 21.
Be3 Nd4 22. Re1 Rad8 23. Bxd4 Rxd6 24. Qa1 Qxa1 25. Bxa1 Bxa1 26. Rxa1 Rd4 27. Ra4 Re8 28. e3 Rd2 29. Raxa7 Rf8 30. Rc7 Rb8 31. Rxf7 Rbb2 32. Rg7+ Kf8 33. Raf7+ Ke8 34. Rf4 1-0

[Event "*** Titled Tuesday Blitz"]
[Site "Chess.com"]
[Date "2020.05.05"]
[Round "4"]
[White "mc4chess"]
[Black "ItsCheckM8Mate"]
[Result "0-1"]
[WhiteElo "2436"]
[BlackElo "2274"]
[TimeControl "180+1"]
[EndTime "10:39:37 PDT"]
[Termination "ItsCheckM8Mate won on time"]

1. e4 e5 2. Nf3 Nc6 3. Bb5 g6 4. d4 exd4 5. Nxd4 Bg7 6. Be3 Nge7 7. O-O O-O 8. c4 d6 9. Nc3 a6 10. Ba4 Ne5 11. Qe2 Ng4 12. Rad1 Nxe3 13. Qxe3 Bd7 14.
Bxd7 Qxd7 15. Kh1 Nc6 16. Nxc6 Qxc6 17. Nd5 Rae8 18. b3 f5 19. f3 Kh8 20. Qd3 fxe4 21. fxe4 Qc5 22. h3 a5 23. Ne3 Qe5 24. Ng4 Qxe4 25.
Rxf8+ Bxf8 26. Qc3+ Bg7 27. Qg3 Qe2 28. Qf2 Qxd1+ 0-1

[Event "*** Titled Tuesday Blitz"]
[Site "Chess.com"]
[Date "2020.05.05"]
[Round "4"]
[White "ajian"]
[Black "DonBroca"]
[Result "1-0"]
[WhiteElo "2397"]
[BlackElo "2112"]
[TimeControl "180+1"]
[EndTime "10:39:37 PDT"]
[Termination "ajian won by resignation"]

1. d4 Nf6 2. c4 g6 3. Nc3 d6 4. e4 Bg7 5. Nf3 O-O 6. Be2 e5 7. d5 a5 8. Bg5 Na6 9. Nd2 Nc5 10. O-O h6 11. Be3 b6 12. b3 Qe7 13. a3 Ne8 14. b4 Nd7 15. f3 f5 16. Nb3 f4 17. Bf2 axb4 18. axb4 Bb7 19. Qc2 Nef6 20. c5 bxc5 21.
bxc5 dxc5 22. Na5 Rfb8 23. Nb5 Ne8 24. Rfb1 Ba6 25. Nc6 Qf6 26. Nxb8 Rxb8 27. d6 Bxb5 28. Bxb5 1-0

[Event "*** Titled Tuesday Blitz"]
[Site "Chess.com"]
[Date "2020.05.05"]
[Round "4"]
[White "Bodnar_Mykola"]
[Black "827883"]
[Result "1-0"]
[WhiteElo "2430"]
[BlackElo "2220"]
[TimeControl "180+1"]
[EndTime "10:39:38 PDT"]
[Termination "Bodnar_Mykola won by resignation"]

1. d4 d5 2. c4 e6 3. Nc3 c6 4. cxd5 exd5 5. Qc2 g6 6. Bf4 Bd6 7. Bxd6 Qxd6 8. e3 Bf5 9. Bd3 Bxd3 10. Qxd3 Nf6 11. Nf3 O-O 12. Ne5 Nbd7 13. f4 Rfe8 14. O-O Ne4 15. Nxe4 dxe4 16. Qb3 Nxe5 17. fxe5 Qe7 18.
Rf6 Rad8 19. Raf1 Rf8 20. R1f4 c5 21. Rxe4 cxd4 22. exd4 Qc7 23. h3 Qc1+ 24. Kh2 Qd2 25.
Qc3 Qd1 26. Ref4 Rc8 27. Rxf7 Rxc3 28. Rxf8+ Kg7 29. bxc3 Qc2 30. e6 Qe2 31. d5 g5 32.
R4f5 g4 33. hxg4 Qxg4 34. R8f7+ Kg8 35. e7 Qh4+ 36. Kg1 Qe1+ 37. Rf1 Qe3+ 38. R1f2 Qe1+ 39.
Kh2 Qe5+ 40. g3 h5 41. Rf8+ Kg7 42. e8=Q 1-0

[Event "*** Titled Tuesday Blitz"]
[Site "Chess.com"]
[Date "2020.05.05"]
[Round "4"]
[White "mamonika"]
[Black "gui_borba"]
[Result "0-1"]
[WhiteElo "1977"]
[BlackElo "2370"]
[TimeControl "180+1"]
[EndTime "10:39:39 PDT"]
[Termination "gui_borba won on time"]

1. e4 c6 2. d4 d5 3. exd5 cxd5 4. c4 Nf6 5. Nc3 e6 6. c5 b6 7.
b4 a5 8. Na4 Nfd7 9. a3 axb4 10. axb4 Be7 11. Bb5 O-O 12. Nf3 bxc5 13. dxc5 Ba6 14. Nc3 Bf6 15. Bb2 Qc7 16. O-O Qb7 17.
Bxa6 Rxa6 18. Rxa6 Nxa6 19. c6 Qxb4 20. Qc1 Ndc5 21.
Ne1 Rc8 22. Nc2 Qb3 23. Na1 Qc4 0-1

[Event "*** Titled Tuesday Blitz"]
[Site "Chess.com"]
[Date "2020.05.05"]
[Round "4"]
[White "Maghalashvili"]
[Black "Mischuk_D"]
[Result "1-0"]
[WhiteElo "2810"]
[BlackElo "2611"]
[TimeControl "180+1"]
[EndTime "10:39:41 PDT"]
[Termination "Maghalashvili won by resignation"]

1. Nf3 d5 2. g3 g6 3. c4 c6 4.
Bg2 Bg7 5. O-O Nf6 6. b3 Ne4 7. d4 O-O 8. Bb2 Bf5 9. Nh4 Be6 10. Qc2 Nf6 11. Nd2 a5 12. e4 dxe4 13. Nxe4 Nxe4 14. Bxe4 Bh3 15. Rfe1 Nd7 16. Rad1 Nf6 17. Bh1 a4 18. bxa4 e6 19. Bc3 Re8 20. Rb1 Qc7 21. a5 Red8 22.
Qb2 Rd7 23. d5 Ne8 24. Bxg7 Nxg7 25. dxc6 bxc6 26. Qb6 Nf5 27. Bxc6 Nxh4 28. Qxc7 Rxc7 29. Bxa8 Nf5 30. Bg2 Bxg2 31. Kxg2 Rxc4 32. a6 Ra4 33. Rb6 Rxa2 34. g4 Ne7 35. Reb1 Kg7 36. Rb7 Nc6 37. R1b6 Na5 38. Rc7 Nb3 39. Rxb3 Rxa6 40. Rbb7 1-0

[Event "*** Titled Tuesday Blitz"]
[Site "Chess.com"]
[Date "2020.05.05"]
[Round "4"]
[White "eightbyeightchess"]
[Black "konradrutkowski"]
[Result "1-0"]
[WhiteElo "2411"]
[BlackElo "2178"]
[TimeControl "180+1"]
[EndTime "10:39:41 PDT"]
[Termination "eightbyeightchess won by resignation"]

1. e4 e5 2. Nf3 Nc6 3. Bb5 a6 4.
Ba4 Nf6 5. d4 exd4 6. O-O Be7 7.
Re1 b5 8. Bb3 d6 9. Bd5 Nxd5 10.
exd5 Ne5 11. Nxd4 Bd7 12. a4 O-O 13. Nc3 b4 14. Ne4 f5 15. Ng3 f4 16. Ne4 Qe8 17.
f3 Qh5 18. b3 Bh4 19. Re2 Rae8 20. Bd2 g5 21. Be1 Bxe1 22. Qxe1 g4 23. fxg4 Bxg4 24.
Rf2 Kh8 25. Qxb4 f3 26. Ng3 Qg6 27. Nxf3 Nxf3+ 28. gxf3 Rxf3 29. Rxf3 Bxf3 30. Qc3+ Qg7 31. Qxg7+ Kxg7 32. Rf1 Bxd5 33. Nh5+ Kg6 34. Nf4+ Kh6 35. Nxd5 1-0

[Event "*** Titled Tuesday Blitz"]
[Site "Chess.com"]
[Date "2020.05.05"]
[Round "4"]
[White "cuprichanin"]
[Black "shnitez"]
[Result "1-0"]
[WhiteElo "2324"]
[BlackElo "2500"]
[TimeControl "180+1"]
[EndTime "10:39:42 PDT"]
[Termination "cuprichanin won on time"]

1. Nc3 c5 2. e4 Nc6 3. f4 g6 4.
Nf3 Bg7 5. d3 e6 6. g4 d5 7. Bg2 Nge7 8. e5 b5 9. O-O Qb6 10. Ne2 a5 11. d4 cxd4 12. Nexd4 Ba6 13. Be3 Qc7 14. Rf2 Nxd4 15. Nxd4 O-O 16. Qf3 Nc6 17. Qh3 Nxd4 18. Bxd4 b4 19. Re1 Qc4 20. c3 bxc3 21.
bxc3 f5 22. exf6 Bxf6 23. Bxf6 Rxf6 24. g5 Rf5 25. Rxe6 Rxf4 26. Rxf4 Qxf4 27. Bxd5 Qxg5+ 28. Qg2 Qxg2+ 29. Kxg2 Rd8 30. Rd6+ 1-0

[Event "*** Titled Tuesday Blitz"]
[Site "Chess.com"]
[Date "2020.05.05"]
[Round "4"]
[White "Phenix2k"]
[Black "MartinCerveny"]
[Result "0-1"]
[WhiteElo "2297"]
[BlackElo "2586"]
[TimeControl "180+1"]
[EndTime "10:39:43 PDT"]
[Termination "MartinCerveny won by resignation"]

1. d4 d5 2. c4 c6 3. Nf3 Nf6 4. Nc3 a6 5. e3 b5 6. b3 Bg4 7. Bd3 e6 8. Qc2 Nbd7 9. Ne5 Nxe5 10. dxe5 Nd7 11. f4 g6 12. O-O Nc5 13. Ba3 Nxd3 14. Bxf8 dxc4 15. Bg7 Rg8 16. Bf6 Qb6 17. bxc4 Qxe3+ 18. Kh1 b4 19. Rad1 Bxd1 20. Nxd1 Qd4 21. Qa4 Kd7 22. h3 Rgb8 23. Rf3 Nc5 24. Qc2 Kc7 25. Nb2 Rd8 26. Bxd8+ Rxd8 27. Kh2 a5 28. Na4 Nd3 29.
c5 Ne1 30. Qe2 Nxf3+ 31. Qxf3 Qd1 32. Qf2 Qxa4 33. Qh4 Rd7 34. Qxh7 b3 35. Qg8 Qxf4+ 0-1

[Event "*** Titled Tuesday Blitz"]
[Site "Chess.com"]
[Date "2020.05.05"]
[Round "4"]
[White "SARGISMV"]
[Black "Taron_Shagbazyan"]
[Result "1-0"]
[WhiteElo "2453"]
[BlackElo "2624"]
[TimeControl "180+1"]
[EndTime "10:39:45 PDT"]
[Termination "SARGISMV won by resignation"]

1. d4 Nf6 2. c4 e6 3. Nc3 Bb4 4.
Nf3 d5 5. Bd2 O-O 6. e3 a5 7. Rc1 b6 8. cxd5 Nxd5 9. Nxd5 Qxd5 10. a3 Bd6 11. Bc4 Qf5 12. O-O Bb7 13. Re1 Nd7 14. Rc3 Nf6 15. Bd3 Qe4 16. Bxe4 Nxe4 17. Rc1 g5 18. Ne5 f6 19. Nc6 g4 20. f3 gxf3 21.
gxf3 Ng5 22. e4 Kh8 23. Bxg5 fxg5 24. e5 Bc5 25. dxc5 Bxc6 26. cxb6 Bxf3 27. Qd2 cxb6 28. Rf1 Rf5 29. Rc3 Raf8 30. Rcxf3 Rxf3 31. Rxf3 Rxf3 32. Qd8+ Kg7 33. Qe7+ Kg6 34. Qxe6+ Kh5 35. h3 Rf4 36. Qe7 h6 37. Qg7 Re4 38. Kf2 Rf4+ 39. Ke3 Rf1 40.
Ke2 Rf5 41. e6 Rf4 42. Qf7+ 1-0

[Event "*** Titled Tuesday Blitz"]
[Site "Chess.com"]
[Date "2020.05.05"]
[Round "4"]
[White "Riptide27"]
[Black "Sanan_Sjugirov"]
[Result "0-1"]
[WhiteElo "2536"]
[BlackElo "2854"]
[TimeControl "180+1"]
[EndTime "10:39:46 PDT"]
[Termination "Sanan_Sjugirov won by resignation"]

1. d4 d5 2. Nf3 e6 3. Bf4 c5 4. e3 Qb6 5. Qc1 Nf6 6. c3 Nc6 7. Nbd2 Nh5 8. Bg3 Bd7 9. Bd3 h6 10. a3 Rc8 11. O-O Nxg3 12. hxg3 Be7 13. dxc5 Bxc5 14.
e4 dxe4 15. Nxe4 Be7 16. c4 Nd4 17. b4 Nxf3+ 18. gxf3 O-O 19. c5 Qc7 20. Qe3 f5 21. Nd2 f4 22. Qe4 Rf6 23. Qh7+ Kf7 24. g4 Bc6 25.
Rae1 Rd8 26. Nc4 Rd5 27. Be4 Rg5 28. Bxc6 bxc6 29. Re4 h5 30. Rfe1 Rh6 31. Ne5+ Rxe5 0-1

[Event "*** Titled Tuesday Blitz"]
[Site "Chess.com"]
[Date "2020.05.05"]
[Round "4"]
[White "A-Fier"]
[Black "DaggiGretarsson"]
[Result "1-0"]
[WhiteElo "2782"]
[BlackElo "2520"]
[TimeControl "180+1"]
[EndTime "10:39:47 PDT"]
[Termination "A-Fier won by resignation"]

1. d4 g6 2. e4 Bg7 3. Nf3 d6 4.
Bc4 c6 5. Bb3 Nf6 6. Qe2 O-O 7.
h3 a5 8. a4 d5 9. e5 Ne4 10.
Nbd2 Bf5 11. Nh4 Nxd2 12. Bxd2 Be6 13. f4 c5 14. dxc5 Nc6 15. Nf3 Bf5 16. O-O Rc8 17.
Be3 e6 18. Rfd1 Qc7 19. c3 Rfd8 20. Nd4 Be4 21. Nb5 Qb8 22. Nd6 Rc7 23. Rd2 Bf8 24. Rad1 Bxd6 25. cxd6 Rcd7 26. Bb6 Rc8 27. Qg4 Rf8 28. Qh4 f6 29. Bd4 f5 30. Bb6 Qe8 31.
Qg5 h6 32. Qxh6 Rh7 33. Qg5 Rh5 34. Qg3 g5 35. Be3 g4 36. hxg4 Qg6 37. g5 Kf7 38. c4 Rfh8 39. cxd5 exd5 40. Rxd5 Rh1+ 41. Kf2 R1h2 42. d7 Ke7 43. d8=Q+ Nxd8 44. Rd7+ 1-0

[Event "*** Titled Tuesday Blitz"]
[Site "Chess.com"]
[Date "2020.05.05"]
[Round "4"]
[White "allvim"]
[Black "MiroVlasenko"]
[Result "0-1"]
[WhiteElo "2338"]
[BlackElo "2574"]
[TimeControl "180+1"]
[EndTime "10:39:47 PDT"]
[Termination "MiroVlasenko won on time"]

1. e4 Nc6 2. Nf3 d5 3. exd5 Qxd5 4. Nc3 Qh5 5. d3 e5 6. Be3 Nf6 7. Be2 Bg4 8. Ne4 Nxe4 9. dxe4 Rd8 10. Qc1 Nd4 11. Bxd4 exd4 12. h3 Bb4+ 13. c3 dxc3 14. bxc3 Bd6 15. O-O Bxf3 16. Bxf3 Qe5 17. g3 h5 18. h4 g6 19. Rb1 Bc5 20. Kg2 Bb6 21. a4 Rd3 22. c4 O-O 23. Rb5 Qd4 24. c5 a6 25. Rb1 Bxc5 26. Rxb7 Rd2 27. Qe1 Bb6 28. Kg1 Rd8 29. Bg2 Qe5 30. Kh2 R8d3 31.
f4 Qb2 32. Rg1 Bxg1+ 33. Qxg1 Qxb7 0-1

[Event "*** Titled Tuesday Blitz"]
[Site "Chess.com"]
[Date "2020.05.05"]
[Round "4"]
[White "Winehouse83"]
[Black "H3nriqueTV"]
[Result "1-0"]
[WhiteElo "2513"]
[BlackElo "2158"]
[TimeControl "180+1"]
[EndTime "10:39:47 PDT"]
[Termination "Winehouse83 won by checkmate"]

1. d4 d5 2. c4 c6 3. Nc3 Nf6 4. Nf3 e6 5. Bg5 Be7 6. e3 Ne4 7. Bxe7 Qxe7 8. Qc2 f5 9. Bd3 O-O 10. O-O-O Nd7 11. g4 fxg4 12. Bxe4 dxe4 13. Nd2 Rxf2 14. Ncxe4 Rg2 15. Qd3 c5 16. Qf1 Rxd2 17. Rxd2 cxd4 18. exd4 e5 19. d5 Qb4 20. a3 Qb3 21. h3 g3 22. Rg1 Nb6 23. Rxg3 Qa2 24. Rf2 Qa1+ 25. Kc2 Qxf1 26. Rxf1 g6 27. Nf6+ Kg7 28. c5 Nd7 29.
Ne8+ Kh6 30. b4 a5 31. c6 bxc6 32. dxc6 Nb6 33. b5 Bf5+ 34. Rxf5 gxf5 35. Nd6 Rf8 36. h4 Kh5 37. Rg7 Kxh4 38. Rxh7+ Kg4 39. Rb7 Nd5 40. b6 f4 41. c7 f3 42. Rb8 f2 43. Rxf8 Nf4 44.
c8=Q+ Kf3 45. Qc6+ Ke3 46. Qe4# 1-0

[Event "*** Titled Tuesday Blitz"]
[Site "Chess.com"]
[Date "2020.05.05"]
[Round "4"]
[White "MasterKroket"]
[Black "HanSchut"]
[Result "1-0"]
[WhiteElo "2433"]
[BlackElo "2234"]
[TimeControl "180+1"]
[EndTime "10:39:48 PDT"]
[Termination "MasterKroket won by checkmate"]

1. d4 Nf6 2. c4 g6 3. Nc3 d5 4. cxd5 Nxd5 5. e4 Nxc3 6. bxc3 Bg7 7. Be3 c5 8. Qd2 Qa5 9. Nf3 Nc6 10. Rb1 b6 11.
Rb5 Qa3 12. Rb3 Qa5 13. Bb5 Bd7 14. d5 Ne5 15. Bxd7+ Nxd7 16. c4 Qxd2+ 17. Nxd2 O-O 18. f4 e6 19. Ke2 Rfe8 20. Kf3 exd5 21. cxd5 Nf6 22.
Bf2 Rad8 23. Re1 h5 24. h3 Rd7 25. g4 hxg4+ 26. hxg4 Rde7 27. g5 Nxd5 28. exd5 Rxe1 29.
Bxe1 Rxe1 30. Ne4 Rd1 31. d6 Bf8 32. Nf6+ Kg7 33. Ke2 Rd4 34. Rh3 Bxd6 35. Rh7+ Kf8 36. Rh8+ Ke7 37. Re8# 1-0

[Event "*** Titled Tuesday Blitz"]
[Site "Chess.com"]
[Date "2020.05.05"]
[Round "4"]
[White "yandry1996"]
[Black "ErikRonka"]
[Result "0-1"]
[WhiteElo "2173"]
[BlackElo "2410"]
[TimeControl "180+1"]
[EndTime "10:39:48 PDT"]
[Termination "ErikRonka won by resignation"]

1. e4 c6 2. d4 d5 3. exd5 cxd5 4. Bd3 Nc6 5. c3 Nf6 6. Bf4 Bg4 7. f3 Bh5 8. Qb3 Qd7 9. Ne2 e6 10. Na3 Be7 11.
O-O O-O 12. Rae1 a6 13. Qc2 b5 14. Nb1 b4 15. Nd2 Rfc8 16. Nb3 bxc3 17. bxc3 Nb4 18. Qd2 Nxd3 19. Qxd3 Bg6 20. Qd2 Bf8 21. Be5 Ne8 22. Nf4 a5 23. Nxg6 hxg6 24. f4 a4 25. Nc1 Nf6 26.
Bxf6 gxf6 27. Nd3 Rab8 28. f5 exf5 29. Rb1 Qc6 30. Rxb8 Rxb8 31. h4 Rc8 32. Rc1 Qc7 33.
Qe3 Kh7 34. h5 Bh6 35. hxg6+ Kxg6 0-1